 Seeded DCSS version 0.30-a0-313-gae38170b09 (webtiles) character file.

Game seed: 2297256199445343015 (custom seed)

105 Hubris850 the Poker (level 4, -3/33 HPs)
             Began as a Merfolk Gladiator on Oct 26, 2022.
             Slain by a kobold brigand
             ... wielding a +0 dagger
              (5 damage)
             ... on level 4 of the Dungeon.
             The game lasted 00:03:22 (746 turns).

Hubris850 the Poker (Merfolk Gladiator)              Turns: 746, Time: 00:03:23

Health: -3/33      AC:  5    Str: 14    XL:     4   Next: 81%
Magic:  4/4        EV: 13    Int:  9    God:
Gold:   57         SH:  0    Dex: 15    Spells: 3/3 levels left

rFire   . . .      SeeInvis +    a - +0 trident
rCold   . . .      Faith    .    (no shield)
rNeg    . . .      Spirit   .    j - +0 leather armour
rPois   .          Reflect  .    n - +1 helmet
rElec   .          Harm     .    (no cloak)
rCorr   .          Rampage  .    (no gloves)
Will    .....                    (no boots)
Stlth   +.........               (no amulet)
HPRegen 0.25/turn                i - ring of see invisible
MPRegen 0.09/turn                (no ring)

@: mighty, lethally poisoned (-3 -> -5), slowed, very slow
A: (nimble swimmer 2), mertail
a: no special abilities


You were on level 4 of the Dungeon.
You visited 1 branch of the dungeon, and saw 4 of its levels.

You collected 57 gold pieces.

Inventory:

Hand Weapons
 a - a +0 trident (weapon)
 b - a +2 dagger of venom
 m - a +2 whip of draining
Missiles
 d - 3 throwing nets
 e - a javelin
 g - 12 stones (quivered)
Armour
 c - a +0 helmet
 j - a +0 leather armour (worn)
 n - a +1 helmet (worn)
Jewellery
 i - a ring of see invisible (left hand)
Scrolls
 h - a scroll of butterflies {unknown}
 k - a scroll of magic mapping {unknown}
 l - a scroll of noise {unknown}
 p - a scroll of enchant armour {unknown}


   Skills:
 - Level 2.1 Fighting
 * Level 6.2 Polearms
 + Level 3.1 Throwing
 - Level 4.0 Dodging


You had 3 spell levels left.
You didn't know any spells.
Your spell library was empty.

Dungeon Overview and Level Annotations

Branches:
Dungeon (4/15)
 Temple: D:4-7

Altars:

Shops:
D:1 (


Innate Abilities, Weirdness & Mutations

((You are very nimble when in or above water. (Stealth+, EV+, Speed+++)))
Your lower body shifts to a powerful aquatic tail in water.


Message History

Okay, then.
You climb downwards.
Found a scroll labelled VOUS EDUTWICUO and a scroll of identify.
Found a stone staircase leading up.
There is a stone staircase leading up here.
You throw a stone. The stone hits the kobold.
You kill the kobold!
A kobold brigand comes into view.
It is wielding a +0 dagger and quivering curare-tipped darts.
You see here a scroll labelled VOUS EDUTWICUO.
A goblin comes into view. It is wielding a +0 club.
The kobold brigand throws a curare-tipped dart.
The curare-tipped dart hits you.
You are poisoned.
You have difficulty breathing.
You feel yourself slow down.
The goblin unwields a +0 club.
The goblin wields a +0 sling.
The goblin shoots a sling bullet.
The sling bullet closely misses you.
You feel very sick.
You closely miss the kobold brigand.
You feel very sick.
The kobold brigand hits you with a +0 dagger.
The kobold brigand closely misses you.
You puncture the kobold brigand!
The kobold brigand is moderately wounded.
You feel sick.
The kobold brigand hits you with a +0 dagger.
The goblin unwields a +0 sling.
The goblin wields a +0 club.
The goblin hits you but does no damage.
You feel very mighty all of a sudden.
You feel sick.
The kobold brigand hits you but does no damage.
The goblin hits you with a +0 club.
* * * LOW HITPOINT WARNING * * *
The kobold brigand hits you with a +0 dagger.
* * * LOW HITPOINT WARNING * * *
You puncture the kobold brigand!
The kobold brigand is almost dead.
* * * LOW HITPOINT WARNING * * *
You feel sick. The goblin hits you but does no damage.
The kobold brigand hits you with a +0 dagger.
You die...

.... #....# ..#
#...## #.##....#
#...?...#
##....<.##
#.......##.
#..........#
.######.##.......#
.......@#...##..##
...###.Kg....####
##.......#
...)....#
....##... ###..#
#..# #.# . .#


You could see a kobold brigand and a goblin.

Vanquished Creatures
  Natasha (twice) (D:2)
  Robin (D:2)
  An adder (D:3)
  A dart slug (D:1)
  3 endoplasms
  11 goblins (D:2)
  5 hobgoblins (D:2)
  A kobold (D:4)
  A quokka (D:2)
  2 bats
  A frilled lizard (D:2)
  3 rats
32 creatures vanquished.

Notes
Turn   | Place    | Note
-------+----------+-------------------------------------------
     0 | D:1      | Hubris850 the Merfolk Gladiator began the quest for the
                  | Orb.
     0 | D:1      | Reached XP level 1. HP: 16/16 MP: 1/1
    16 | D:1      | Found Iveiqaycs's Weapon Shoppe.
   131 | D:2      | Reached XP level 2. HP: 20/22 MP: 2/2
   216 | D:2      | Noticed Natasha
   226 | D:2      | Killed Natasha
   227 | D:2      | Reached skill level 5 in Polearms
   227 | D:2      | Reached XP level 3. HP: 14/27 MP: 3/3
   303 | D:2      | Noticed Natasha
   303 | D:2      | Noticed Robin
   325 | D:2      | Killed Natasha
   326 | D:2      | Reached XP level 4. HP: 11/33 MP: 4/4
   333 | D:2      | Killed Robin
   385 | D:3      | Reached skill level 6 in Polearms
   645 | D:3      | Found a faded altar of an unknown god.
   736 | D:4      | Noticed a kobold brigand
   746 | D:4      | Slain by a kobold brigand

Illustrated notes

Levels and vault maps discovered:
D:1:      dpeg_arrival_arbitrary_c, layout_basic, serial_shops, shop_statue
D:2:      layout_loops_ring, basic_altar, minmay_misc_feat_plants, uniq_robin,
          uniq_natasha, uniq_jessica
D:3:      layout_basic, fedhas_altar_2, shapermc_ecumenical_altar_starsandcircs
D:4:      layout_layer_cave, minmay_temple_entry_hall, minmay_misc_feat_x,
          kennysheep_generic_room_16

Skill      XL: |  1  2  3  4 |
---------------+-------------+-----
Polearms       | 5 6 |  6.2
Throwing       | 3 |  3.1
Fighting       | |  2.1
Dodging        | |  4.0

Action                   |  1- 3 |  4- 6 || total
-------------------------+-------+-------++-------
Melee: Trident           |    49 |    50 ||    99
       Dagger            |     2 |     5 ||     7
       Punch             |     1 |     1 ||     2
Throw: Stone             |       |     6 ||     6
  Use: Potion            |     1 |     1 ||     2
       Scroll            |       |     1 ||     1
Armor: Leather armour    |     7 |    18 ||    25
Dodge: Dodged            |    16 |    52 ||    68

Table legend: (Time is in decaauts)
 A = Elapsed time spent in this place.
 B = Non-inter-level travel time spent in this place.
 C = Inter-level travel time spent in this place.
 D = Time resting spent in this place.
 E = Time spent auto-exploring this place.
 F = Levels seen in this place.
 G = Mean time per level.
                   A        B        C        D        E       F      G
               +--------+--------+--------+--------+--------+-----+--------+
         Total |    754 |    754 |      0 |    266 |    166 |   4 |  188.5 |
       Dungeon |    754 |    754 |      0 |    266 |    166 |   4 |  188.5 |
               +--------+--------+--------+--------+--------+-----+--------+

Top non-repeatable levels by time:
     D:2: 348 daAuts
     D:3: 311 daAuts
     D:1: 80 daAuts
     D:4: 14 daAuts
